 Dungeon Crawl Stone Soup version 0.23.2-1-ga50397a (webtiles) character file.

Game seed: 17835987844040027817

695 Fang the Skirmisher (level 7, -8/44 HPs)
             Began as a Gargoyle Berserker on May 30, 2019.
             Was a Priest of Trog.
             Killed by divine providence
             ... invoked by an orc priest
              (15 damage)
             ... on level 4 of the Dungeon.
             The game lasted 00:05:07 (3387 turns).

Fang the Skirmisher (Gargoyle Berserker)            Turns: 3387, Time: 00:05:07

Health: -8/44      AC: 17    Str: 22    XL:     7   Next: 64%
Magic:  7/7        EV:  7    Int:  8    God:    Trog [***...]
Gold:   207        SH:  0    Dex:  9    Spells: 6/6 levels left

rFire    . . .     SeeInvis .   a - +0 hand axe
rCold    . . .     Gourm    .   (no shield)
rNeg     + . .     Faith    .   b - +0 plate armour
rPois    ∞         Spirit   .   (no helmet)
rElec    +         Reflect  .   (no cloak)
rCorr    .         Harm     .   (no gloves)
MR       ++...                  (no boots)
Stlth    ..........             (no amulet)
HPRegen  1.14/turn              n - ring of attention (curse)
MPRegen  0.10/turn              (no ring)

@: berserk cooldown, regenerating, slowed, very slow
A: negative energy resistance 1, electricity resistance, unbreathing,
petrification resistance, rot immunity, AC +4
a: Berserk, Trog's Hand, Renounce Religion


You were on level 4 of the Dungeon.
You worshipped Trog.
Trog was most pleased with you.
You were near starving.

You visited 1 branch of the dungeon, and saw 4 of its levels.

You collected 207 gold pieces.

Inventory:

Hand Weapons
 a - a +0 hand axe (weapon)
Armour
 b - a +0 plate armour (worn)
Jewellery
 n - a cursed ring of attention (left hand)
Scrolls
 e - 2 scrolls of remove curse {unknown}
 g - a scroll of amnesia {unknown}
 h - 3 scrolls of teleportation {unknown}
 i - 2 scrolls of fear {unknown}
 j - a scroll of noise {unknown}
 k - 2 scrolls of identify {unknown}
 p - a scroll of random uselessness {unknown}
 r - a scroll of blinking {unknown}
Potions
 d - a potion of lignification {unknown}
 f - a potion of brilliance {unknown}
 l - a potion of curing {unknown}
 m - 2 potions of might {unknown}
 o - a potion of haste {unknown}
 s - a potion of flight {unknown}
Comestibles
 c - 7 rations
 q - a chunk of flesh


   Skills:
 + Level 5.4 Fighting
 + Level 4.6 Axes
 + Level 4.9 Armour
 + Level 3.6 Dodging


You had 6 spell levels left.
You didn't know any spells.
Your spell library was empty.

Dungeon Overview and Level Annotations

Branches:
Dungeon (4/15)
 Temple: D:4-7

Altars:

Annotations:
D:4 1 transporter


Innate Abilities, Weirdness & Mutations

You are resistant to torment.
Your stone body is resilient. (AC +4)
You are immune to poison.
You resist negative energy. (rN+)
You are resistant to electric shocks. (rElec)
You can survive without breathing.
You are immune to petrification.
You are immune to rotting.


Message History

You kill the adder!
Trog accepts your kill.
You barely miss the orc priest.
You are no longer berserk.
You are exhausted.
You feel yourself slow down.
The orc priest hits you but does no damage.
You closely miss something. You hit the orc priest.
Something hits you but does no damage. Something completely misses you.
You hear some strange, mumbled words.
The orc priest barely misses you.
Your skin crawls.
You feel resistant to hostile enchantments.
You are near starving!
Something hits you.
* * * LOW HITPOINT WARNING * * *
The orc priest hits you but does no damage.
The orc priest invokes the aid of Beogh against you.
Beogh smites you!
You die...

#. #.. ## #..## ...
..#.. ..... #.#
....#
..............
....#.#.#...#
##..........
#..o#.#.#.#.#.#.#.
##..!{@†...........
#.....o..##.......
##........#......#
.......).###.....#
...#.....###....#
#. ##....##....# #
# #....###...#.#
###.......÷..>.#
##..............#..


You could see 2 orc priests.

Vanquished Creatures
  Grinder (D:4)
  Sigmund (D:3)
  A sky beast (D:3)
  A phantom (D:4)
  A worker ant (D:4)
  3 adders
  An ooze (D:4)
  3 worms (D:2)
  3 dart slugs (D:1)
  2 leopard geckos
  2 orcs
  9 bats
  2 giant cockroaches
  10 goblins
  6 hobgoblins
  10 jackals
  7 kobolds
  2 quokkas
  A ball python (D:2)
  4 frilled lizards
  12 rats
82 creatures vanquished.

Notes
Turn   | Place    | Note
-------+----------+-------------------------------------------
     0 | D:1      | Fang the Gargoyle Berserker began the quest for the Orb.
     0 | D:1      | Reached XP level 1. HP: 14/14 MP: 1/1
   460 | D:1      | Reached XP level 2. HP: 19/19 MP: 2/2
   576 | D:1      | Reached XP level 3. HP: 20/23 MP: 3/3
   580 | D:1      | Reached ** piety under Trog
  1014 | D:2      | Reached XP level 4. HP: 15/29 MP: 4/4
  1821 | D:2      | Reached skill level 4 in Fighting
  2274 | D:3      | Noticed Sigmund
  2283 | D:3      | Killed Sigmund
  2283 | D:3      | Reached XP level 5. HP: 34/34 MP: 5/5
  2283 | D:3      | Reached XP level 6. HP: 39/39 MP: 6/6
  2374 | D:3      | Reached *** piety under Trog
  2427 | D:3      | Noticed a sky beast
  2439 | D:3      | Killed a sky beast
  2935 | D:4      | Noticed a phantom
  2959 | D:4      | Found a transporter.
  3300 | D:4      | Killed a phantom
  3300 | D:4      | Reached skill level 5 in Fighting
  3300 | D:4      | Reached XP level 7. HP: 44/44 MP: 7/7
  3365 | D:4      | Noticed Grinder
  3384 | D:4      | Killed Grinder
  3387 | D:4      | Killed from afar by an orc priest

Skill      XL: |  1  2  3  4  5  6 |
---------------+-------------------+-----
Axes           | 3 4 |  4.6
Dodging        | 2 3 |  3.6
Armour         | 3 4 |  4.9
Fighting       | 4 5 |  5.4

Action                   |  1- 3 |  4- 6 |  7- 9 || total
-------------------------+-------+-------+-------++-------
Melee: Hand axe          |   120 |   131 |    44 ||   295
Invok: Berserk           |       |     5 |     1 ||     6
       Trog's Hand       |       |     1 |     1 ||     2
  Eat: Chunk             |       |     8 |     2 ||    10
       Ration            |       |     1 |       ||     1
Armor: Animal skin       |    65 |    40 |       ||   105
       Plate armour      |       |    11 |    34 ||    45
Dodge: Dodged            |   117 |    86 |    20 ||   223
